 Dungeon Crawl Stone Soup version 0.28-a0-1510-gd0f6b136d3 (webtiles) character file.

Game seed: 17752381825667194039

16 psuckher the Skirmisher (level 2, 0/19 HPs)
             Began as a Gargoyle Monk on Jan 14, 2022.
             Was a Priest of Zin.
             Slain by a rat (2 damage)
             ... on level 1 of the Dungeon.
             The game lasted 00:04:14 (577 turns).

psuckher the Skirmisher (Gargoyle Monk)              Turns: 577, Time: 00:04:14

Health: 0/19       AC:  4    Str: 14    XL:     2   Next: 54%
Magic:  2/2        EV: 12    Int: 10    God:    Zin [***...]
Gold:   33         SH:  0    Dex: 12    Spells: 1/1 levels left

rFire   . . .      SeeInvis .     - Unarmed
rCold   . . .      Faith    .   (no shield)
rNeg    + . .      Spirit   .   a - +0 robe
rPois   ∞          Reflect  .   (no helmet)
rElec   +          Harm     .   (no cloak)
rCorr   .          Rampage  .   (no gloves)
Will    .....                   (no boots)
Stlth   ++........              (no amulet)
HPRegen 0.06/turn               (no ring)
MPRegen 0.08/turn               (no ring)

@: no status effects
A: sickness immunity, AC +2, negative energy resistance 1, electricity
resistance, torment resistance 1, petrification resistance
a: Renounce Religion, Recite, Vitalisation, Imprison, Donate Gold


You were on level 1 of the Dungeon.
You worshipped Zin.
Zin was most pleased with you.
You visited 1 branch of the dungeon, and saw 1 of its levels.

You collected 50 gold pieces.
You donated 17 gold pieces to Zin.

Inventory:

Armour
 a - a +0 robe (worn)
Scrolls
 b - a scroll of immolation {unknown}
Potions
 c - a potion of heal wounds {unknown}


   Skills:
 + Level 3.6 Fighting
 + Level 2.6 Dodging
 + Level 2.2 Stealth
 + Level 3.4 Unarmed Combat


You had one spell level left.
You didn't know any spells.
Your spell library was empty.

Dungeon Overview and Level Annotations

Branches:
Dungeon (1/15)

Altars:
Zin


Innate Abilities, Weirdness & Mutations

You are immune to sickness and miasma.
Your stone body is resilient. (AC +2)
You are immune to poison.
You resist negative energy. (rN+)
You are resistant to electric shocks. (rElec)
You are resistant to unholy torment.
You are immune to petrification.


Message History

The endoplasm is severely wounded.
The endoplasm freezes you.
You are frozen.
You hit the endoplasm but do no damage.
The endoplasm is severely wounded.
The endoplasm freezes you.
You are frozen.
You hit the endoplasm.
You kill the endoplasm!
You pay a tithe of 2 gold.
You now have 33 gold pieces (gained 11).
Found a stone staircase leading down.
Found 9 gold pieces.
A dart slug comes into view.
A rat comes into view.
You see here 9 gold pieces.
The dart slug launches a dart at you. The slug dart hits you.
The rat closely misses you.
A ball python comes into view.
The dart slug launches a dart at you. The slug dart hits you.
You hit the dart slug but do no damage. The rat barely misses you.
The dart slug launches a dart at you. The slug dart hits you.
* * * LOW HITPOINT WARNING * * *
You hit the dart slug.
The dart slug is heavily wounded.
The rat bites you but does no damage.
You completely miss the dart slug.
The dart slug is heavily wounded.
The dart slug launches a dart at you.
The slug dart hits you but does no damage.
The rat barely misses you.
You barely miss the dart slug.
The dart slug is heavily wounded.
The dart slug closely misses you. The rat bites you.
* * * LOW HITPOINT WARNING * * *
You completely miss the rat. The rat bites you.
You die...

########## ##........#
#.........#####
#.............# ##
#.#####.......### #.
#...............##### #.
####...#...#.........S..
#. #.##.......#.$.r@.##
. .......#.#.#.#.#w...#
#.##.......#........#
#.####.....#...#....#
#.# #..............# .
#.# #.......#.#.#.... #.
#.# ##.##.............
.#. #.#
#.####...#...#... ....
..# #.# ... ....


You could see a dart slug, a ball python and a rat.

Vanquished Creatures
  4 endoplasms (D:1)
  3 jackals (D:1)
  2 ball pythons (D:1)
  4 frilled lizards (D:1)
  2 kobolds (D:1)
  A rat (D:1)
16 creatures vanquished.

Notes
Turn   | Place    | Note
-------+----------+-------------------------------------------
     0 | D:1      | psuckher the Gargoyle Monk began the quest for the Orb.
     0 | D:1      | Reached XP level 1. HP: 14/14 MP: 1/1
   160 | D:1      | Found a faded altar of an unknown god.
   165 | D:1      | Reached XP level 2. HP: 15/19 MP: 2/2
   174 | D:1      | Prayed at the altar of an unknown god.
   174 | D:1      | Became a worshipper of Zin the Law-Giver
   174 | D:1      | Reached * piety under Zin
   174 | D:1      | Reached ** piety under Zin
   176 | D:1      | Donated 12 gold pieces to Zin
   334 | D:1      | Reached *** piety under Zin
   577 | D:1      | Slain by a rat

Illustrated notes

Levels and vault maps discovered:
D:1:      psy_arrival_dodecagon, layout_loops_ring,
          shapermc_ecumenical_altar_acropolis, hangedman_decor_lopped

Action                   || total
-------------------------++-------
Melee: Unarmed           ||    54
       Punch             ||     1
Invok: Donate Gold       ||     1
Armor: Robe              ||    19
Dodge: Dodged            ||    35

Table legend: (Time is in decaauts)
 A = Elapsed time spent in this place.
 B = Non-inter-level travel time spent in this place.
 C = Inter-level travel time spent in this place.
 D = Time resting spent in this place.
 E = Time spent auto-exploring this place.
 F = Levels seen in this place.
 G = Mean time per level.
                   A        B        C        D        E       F      G
               +--------+--------+--------+--------+--------+-----+--------+
         Total |    574 |    571 |      3 |      0 |      0 |   1 |  574.0 |
       Dungeon |    574 |    571 |      3 |      0 |      0 |   1 |  574.0 |
               +--------+--------+--------+--------+--------+-----+--------+

Top non-repeatable levels by time:
     D:1: 574 daAuts
